 Dungeon Crawl Stone Soup version 0.31-a0-1336-g7fd7ca34b5 (webtiles) character file.

Game seed: 4432219826967018045

2575 Dirian the Cleaver (level 9, -2/79 HPs)
             Began as a Minotaur Fighter on Dec 21, 2023.
             Slain by an orc warrior
             ... wielding a +0 battleaxe
              (6 damage)
             ... in a bailey.
             The game lasted 00:11:24 (5958 turns).

Dirian the Cleaver (Minotaur Fighter)               Turns: 5958, Time: 00:11:25

Health: -2/79      AC: 14    Str: 25    XL:     9   Next: 32%
Magic:  8/8        EV:  9    Int:  3    God:
Gold:   203        SH:  0    Dex: 21    Spells: 8/8 levels left

rFire   + . .        c - +5 battleaxe of Ruvuf {flame, Dex+5}
rCold   . . .        (shield currently unavailable)
rNeg    . . .        p - +0 chain mail
rPois   .            (helmet restricted)
rElec   +            (no cloak)
rCorr   .            l - +0 pair of gloves
SInv    +            r - +1 pair of boots
Will    .....        (no amulet) Stlth
                     m - ring of flight
HPRegen 0.33/turn    C - ring of Gameco Puih {rElec rF+ Int-2 Dex+6 SInv}
MPRegen 0.11/turn

%: no passive effects
@: flying
A: horns 2, retaliatory headbutt
a: no special abilities


You were in a bailey.
You visited 1 branch of the dungeon, and saw 7 of its levels.
You also visited: Sewer and Bailey.

You collected 293 gold pieces.
You spent 90 gold pieces at shops.

Inventory:

Hand Weapons
 a - a +1 war axe
 c - the +5 battleaxe of Ruvuf (weapon) {flame, Dex+5}
   (You acquired it on level 6 of the Dungeon)

   Dex+5:     It affects your dexterity (+5).
 y - a +5 broad axe of electrocution
Missiles
 t - 2 throwing nets
 x - 5 boomerangs
Armour
 l - a +0 pair of gloves (worn)
 p - a +0 chain mail (worn)
 r - a +1 pair of boots (worn)
 E - a +0 kite shield
Jewellery
 e - a +6 ring of strength
 m - a ring of flight (left hand)
 C - the ring of Gameco Puih (right hand) {rElec rF+ Int-2 Dex+6 SInv}
   (You acquired it on level 6 of the Dungeon)

   [ring of dexterity]

   Int-2:     It affects your intelligence (-2).
   Dex+6:     It affects your dexterity (+6).
   rF+:       It protects you from fire.
   rElec:     It insulates you from electricity.
   SInv:      It lets you see invisible.
Wands
 o - a wand of roots (12)
 s - a wand of polymorph (3)
Scrolls
 f - 6 scrolls of poison
 h - a scroll of summoning
 k - a scroll of immolation
 q - a scroll of enchant armour
 v - 2 scrolls of fear
 z - a scroll of blinking
Potions
 b - a potion of enlightenment
 d - a potion of might
 g - a potion of brilliance
 i - 2 potions of ambrosia
 n - a potion of invisibility {unknown}
 u - a potion of experience {unknown}
 w - a potion of magic {unknown}
 A - a potion of mutation {unknown}
 B - a potion of haste {unknown}


   Skills:
 + Level 7.4 Fighting
 + Level 11.0 Axes
 + Level 8.1 Armour
 + Level 5.8 Shields


You had 8 spell levels left.
You didn't know any spells.
Your spell library contained the following spells:

 Spells                   Type           Power      Damage    Failure   Level
 Slow                     Hex            0%         N/A       95%         1
 Static Discharge         Conj/Air       0%         3-3/arc   99%         2
 Summon Guardian Golem    Hex/Summ       0%         N/A       100%        3
 Airstrike                Air            0%         2d(0-16)  100%        4
 Summon Lightning Spire   Summ/Air       0%         N/A       100%        4


Dungeon Overview and Level Annotations

Branches:
Dungeon (7/15) Zot: 26869  Temple (0/1) D:6           Sewer (visited)
 Bailey (1/1) Zot: 5877

Altars:
Dithmenos
Gozag
Kikubaaqudgha
Sif Muna
Yredelemnul
The Shining One

Shops:
D:3 ?

Annotations:
D:2 1 runed translucent door, Crazy Yiuf


Innate Abilities, Weirdness & Mutations

You have a pair of horns on your head.
You reflexively headbutt those who attack you in melee.


Message History

Your headbutt misses the kobold demonologist.
The kobold demonologist is almost dead.
The kobold demonologist hits you with a +0 war axe.
You slash the kobold demonologist! You burn the kobold demonologist.
You kill the kobold demonologist!
You hear a splash. x2
Your Armour skill increases to level 8!
You closely miss the orc warrior. Your headbutt misses the orc warrior.
The orc warrior hits you with a +0 war axe!
You slash the orc warrior! You burn the orc warrior!
The orc warrior is almost dead.
The orc warrior hits you with a +0 battleaxe!
Things that are here:
a +0 war axe; a +0 scale mail; a kobold corpse You hit the orc warrior but do no damage.
You headbutt the orc warrior, but do no damage.
The orc warrior is almost dead.
You hit the orc warrior but do no damage.
The orc warrior barely misses you.
The orc warrior hits you but does no damage.
You hit the orc warrior. You burn the orc warrior.
You headbutt the orc warrior, but do no damage.
The orc warrior is almost dead.
You hit the orc warrior. You burn the orc warrior.
The orc warrior barely misses you.
The orc warrior hits you with a +0 battleaxe!
* * * LOW HITPOINT WARNING * * *
You hit the orc warrior. You burn the orc warrior.
You kill the orc warrior!
You hear a splash. x2
You barely miss the orc warrior.
The orc warrior hits you but does no damage.
Your Axes skill increases to level 11!
You slash the orc warrior! You burn the orc warrior.
You headbutt the orc warrior, but do no damage.
The orc warrior is severely wounded.
The orc warrior hits you with a +0 battleaxe!
* * * LOW HITPOINT WARNING * * *
The orc warrior hits you with a +0 battleaxe.
You die...

#≈≈≈≈≈# ..+...........
#≈≈≈≈≈#+#..############
#≈≈≈≈≈#....+ #≈≈≈≈≈#...
#≈≈≈≈≈#.####
#≈≈≈≈≈~.#!:+
#≈≈≈≈≈).#??#
#≈≈≈≈≈).#..# #
#≈≈≈≈≈@.#### #
#≈≈≈≈≈~o# # #≈≈≈≈≈~∩..
# #≈≈≈≈≈~.#..8 #
#≈≈≈≈≈~.##### #
#≈≈≈≈≈~.# # #≈≈≈≈≈~.#.
#≈≈≈≈≈~.#.


You could see an orc warrior.

Vanquished Creatures
  A kobold demonologist (Bailey)
  Sigmund (D:2)
  2 orc warriors
  A sky beast (D:6)
  4 ogres
  A crocodile (Sewer)
  A centaur (D:6)
  2 phantoms (D:6)
  A kobold brigand (D:4)
  2 bullfrogs
  A wyvern zombie (D:6)
  2 water moccasin zombies (D:6)
  2 electric eels (Bailey)
  3 bullfrog zombies (D:6)
  2 hounds (D:5)
  A jelly (D:4)
  3 orc priests
  A gnoll bouda (D:7)
  2 iguanas (D:5)
  2 sleepcaps
  2 orc wizards
  A killer bee zombie (D:6)
  12 gnolls
  5 adders
  2 shadow imps
  A white imp (D:5)
  A bombardier beetle (D:6)
  6 worms
  3 dart slugs
  14 orcs
  13 endoplasms
  16 goblins
  7 hobgoblins
  3 quokkas
  6 ball pythons
  8 bats
  2 frilled lizards (D:3)
  15 kobolds
  17 rats
169 creatures vanquished.

Notes
Turn   | Place    | Note
-------+----------+-------------------------------------------
     0 | D:1      | Dirian the Minotaur Fighter began the quest for the Orb.
     0 | D:1      | Reached XP level 1. HP: 19/19 MP: 0/0
   223 | D:1      | Reached XP level 2. HP: 23/27 MP: 1/1
   636 | D:2      | Reached XP level 3. HP: 27/33 MP: 2/2
   675 | D:2      | Reached skill level 3 in Axes
   936 | D:2      | Identified the +4 spear of Sulphur {flame, ^Contam rPois
                  | rN+ Int+2}
  1101 | D:2      | Noticed Sigmund
  1127 | D:2      | Killed Sigmund
  1128 | D:2      | Reached skill level 4 in Axes
  1128 | D:2      | Reached skill level 5 in Armour
  1128 | D:2      | Reached XP level 4. HP: 22/41 MP: 3/3
  1128 | D:2      | Reached XP level 5. HP: 25/47 MP: 4/4
  1442 | D:2      | Found a runed translucent door.
  1443 | D:2      | Noticed Crazy Yiuf
  1526 | D:3      | Reached skill level 5 in Axes
  1592 | D:3      | Noticed an ogre
  1598 | D:3      | Killed an ogre
  1599 | D:3      | Reached XP level 6. HP: 13/55 MP: 5/5
  1747 | D:3      | Got the Collected Works on Anathema
  2094 | D:3      | Found a shadowy altar of Dithmenos.
  2285 | D:3      | Found Suomit's Magic Scroll Boutique.
  2290 | D:3      | Bought a scroll of blinking for 90 gold pieces
  2850 | D:4      | Reached skill level 5 in Fighting
  2850 | D:4      | Reached skill level 6 in Axes
  2894 | D:4      | Reached XP level 7. HP: 24/61 MP: 6/6
  3616 | D:5      | Entered Level 5 of the Dungeon
  3757 | D:5      | Reached skill level 7 in Axes
  3879 | D:5      | Found a glowing golden altar of the Shining One.
  4131 | D:5      | Found an ancient bone altar of Kikubaaqudgha.
  4294 | D:5      | Identified the +0 leather armour of the Sheltering Gods
                  | {rF+ Dex+3 Slay+3}
  4566 | D:6      | Reached skill level 5 in Shields
  4583 | D:6      | Reached skill level 8 in Axes
  4583 | D:6      | Reached XP level 8. HP: 51/70 MP: 7/7
  4590 | D:6      | Found a basalt altar of Yredelemnul.
  4718 | D:6      | Found a glowing drain.
  4722 | Sewer    | Entered a sewer
  4825 | Sewer    | Reached skill level 9 in Axes
  5320 | D:6      | Reached skill level 10 in Axes
  5349 | D:6      | Found a shimmering blue altar of Sif Muna.
  5370 | D:6      | Found a staircase to the Ecumenical Temple.
  5571 | D:6      | Identified 3 scrolls of acquirement
  5571 | D:6      | Acquired the +5 battleaxe of Ruvuf {flame, Dex+5}
  5638 | D:6      | Acquired a +4 broad axe of electrocution
  5640 | D:6      | Acquired the ring of Gameco Puih {rElec rF+ Int-2 Dex+6
                  | SInv}
  5727 | D:7      | Reached XP level 9. HP: 79/79 MP: 8/8
  5780 | D:7      | Found an opulent altar of Gozag.
  5814 | D:7      | Found a flagged portal.
  5838 | Bailey   | Entered a bailey
  5944 | Bailey   | Noticed a kobold demonologist
  5951 | Bailey   | Killed a kobold demonologist
  5958 | Bailey   | Reached skill level 11 in Axes
  5958 | Bailey   | Slain by an orc warrior

Illustrated notes

Levels and vault maps discovered:
D:1:      dpeg_arrival_subterranean_lakeside_camping, layout_loops_ring,
          minivault_14
D:2:      layout_loops_ring, st_stairs_5, uniq_sigmund, uniq_crazy_yiuf_cottage
D:3:      layout_loops_ring, marbit_many_paths, serial_shops, shop
D:4:      layout_loops_corners, serial_library_hellmonk_junction
D:5:      layout_basic, tso_oasis_becter, mainiacjoe_overflow_brackets,
          roderic_lattice_a
D:6:      layout_cave_pools, nicolae_yredelemnul_corpse_copse,
          nicolae_overflow_crystal_walls, minmay_temple_entry_proselytizer,
          gup_sewer_entry_bowl
D:7:      layout_basic, zin_academy, lemuel_doored_altar, enter_bailey_5
Bailey:   bailey_axe_of_yendor_kennysheep, bailey

Skill      XL: |  1  2  3  4  5  6  7  8  9 |
---------------+----------------------------+-----
Armour         | 4 5 6 7 8 |  8.1
Fighting       | 4 5 7 |  7.4
Shields        | 4 5 |  5.8
Axes           | 4 5 6 8 10 11 | 11.0

Action                     |  1- 3 |  4- 6 |  7- 9 || total
---------------------------+-------+-------+-------++-------
  Melee: War axe           |    82 |    67 |   207 ||   356
         Headbutt          |     6 |    11 |    36 ||    53
         Battleaxe         |       |       |    30 ||    30
    Use: Potion            |     1 |       |       ||     1
         Scroll            |       |       |    18 ||    18
 Armour: Scale mail        |    60 |    19 |       ||    79
         Chain mail        |       |    21 |   171 ||   192
  Dodge: Dodged            |    31 |    25 |    62 ||   118
  Block: Buckler           |    11 |    12 |    45 ||    68
         Kite shield       |       |       |     5 ||     5

Table legend: (Time is in decaauts)
 A = Elapsed time spent in this place.
 B = Non-inter-level travel time spent in this place.
 C = Inter-level travel time spent in this place.
 D = Time resting spent in this place.
 E = Time spent auto-exploring this place.
 F = Levels seen in this place.
 G = Mean time per level.
                   A        B        C        D        E       F      G
               +--------+--------+--------+--------+--------+-----+--------+
         Total |   6034 |   5734 |    300 |      0 |   4466 |   9 |  670.4 |
       Dungeon |   5546 |   5246 |    300 |      0 |   4217 |   7 |  792.3 |
         Sewer |    367 |    367 |      0 |      0 |    225 |   1 |  367.0 |
        Bailey |    120 |    120 |      0 |      0 |     24 |   1 |  120.0 |
               +--------+--------+--------+--------+--------+-----+--------+

Top non-repeatable levels by time:
     D:4: 1282 daAuts
     D:5: 952 daAuts
     D:2: 906 daAuts
     D:3: 848 daAuts
     D:6: 792 daAuts
     D:1: 634 daAuts
   Sewer: 367 daAuts
     D:7: 130 daAuts
  Bailey: 120 daAuts
